 Dungeon Crawl Stone Soup version 0.18-a0-455-gc7d4c65 (webtiles) character file.

303 M4edhros the Sneak (level 6, -1/38 HPs)
             Began as an Octopode Artificer on Dec 1, 2015.
             Slain by a centaur (10 damage)
             ... on level 5 of the Dungeon.
             The game lasted 00:02:59 (1774 turns).

M4edhros the Sneak (Octopode Artificer)             Turns: 1774, Time: 00:02:59

Health: -1/38      AC:  1    Str: 10    XL:     6   Next: 38%
Magic:  0/10       EV: 11    Int: 16    God:
Gold:   73         SH:  3    Dex: 13    Spells: 0 memorised, 5 levels left

rFire  + . .     SeeInvis +     w - +1 dagger (venom)
rCold  + . .     Clarity  .     i - +0 buckler
rNeg   . . .     SustAt   .     (helmet restricted)
rPois  +         Gourm    .     r - amulet of guardian spirit
rElec  +         Spirit   +     z - ring of see invisible
rCorr  +         Dsmss    .     (no ring)
rMut   .         Stasis   .     (no ring)
MR     .....                    (no ring)
Stlth  +++++.....               (no ring)
                                (no ring)
                                (no ring)
                                (no ring)

@: resistant, not resistant to hostile enchantments, quite stealthy
A: almost no armour, amphibious, 8 rings, constrict 8, camouflage 1, gelatinous
body 1
a: no special abilities


You were on level 5 of the Dungeon.
You were not hungry.

You visited 1 branch of the dungeon, and saw 5 of its levels.

You collected 73 gold pieces.

Inventory:

Hand Weapons
 a - a +0 short sword
 w - a +1 dagger of venom (weapon)
Missiles
 f - 27 stones (quivered)
 o - 11 sling bullets
Armour
 i - a +0 buckler (worn)
Jewellery
 r - an amulet of guardian spirit (around mantle)
 z - a ring of see invisible (left tentacle)
Wands
 b - a wand of flame (11)
 c - a wand of enslavement (13)
 d - a wand of random effects (15)
Scrolls
 h - 2 scrolls of remove curse {unknown}
 m - 3 scrolls of identify {unknown}
 n - a scroll of immolation {unknown}
 p - a scroll of teleportation {unknown}
 q - a scroll of magic mapping {unknown}
 u - a scroll of recharging {unknown}
 v - a scroll of random uselessness {unknown}
 y - a scroll of enchant weapon {unknown}
Potions
 s - a potion of invisibility {unknown}
 t - a potion of flight {unknown}
Comestibles
 e - 2 bread rations
 j - a beef jerky
 k - 4 slices of pizza
 x - a meat ration


   Skills:
 - Level 1.0 Fighting
 - Level 1.0 Short Blades
 - Level 2.0 Dodging
 + Level 6.2 Stealth
 + Level 5.9 Evocations


You had 5 spell levels left.
You didn't know any spells.

Dungeon Overview and Level Annotations

Branches:
Dungeon (5/15)
 Temple: D:4-7

Altars:


Innate Abilities, Weirdness & Mutations

You cannot wear most types of armour.
You are amphibious.
You can wear up to eight rings at the same time.
You can use your tentacles to constrict eight enemies at once.
Your skin changes colour to match your surroundings (Stealth).
Your rubbery body absorbs attacks (AC +1).


Message History

Drink which item? (? for menu, Esc to quit)
It was a potion of resistance.
You feel protected. The centaur hits you!
* * * LOW HITPOINT WARNING * * *
The centaur hits you.
* * * LOW HITPOINT WARNING * * *
Drink which item? (? for menu, Esc to quit)
It was a potion of curing.
You feel better. The centaur hits you.
* * * LOW HITPOINT WARNING * * *
Evoke which item? (* to show all) (? for menu, Esc to quit)
Zapping:
b - a wand of flame (12)
Press: ? - help, Shift-Dir - straight line, f - centaur
Aim: a centaur (heavily wounded, poisoned)
The puff of flame hits the centaur.
The centaur is almost dead.
This wand has 11 charges left.
The hound barks!
The centaur hits you!
You die...

. #.. ..# .
...####.###.#
########.
.......!.(..#
.......#.
#......######......
#)#†........)......
#.##......[.####......
#.....#.....# #...<..
#####.####..# #......
#....@..##..# ##.....
+....c..h...# ######
#.##....##...# # ..
.....##...... . #.
#........#..### #. #
#.#+#......... ###. ..
.......... .... ...
..........#....
#######...#....


You could see a centaur and a hound.

Vanquished Creatures
  An ogre (D:5)
  2 orc wizards
  3 orc priests
  A hound skeleton (D:5)
  3 adders (D:2)
  An ooze (D:3)
  A worm (D:2)
  4 orcs
  4 bats
  A giant cockroach (D:2)
  2 goblins (D:1)
  3 hobgoblins
  3 jackals (D:5)
  2 giant newts
  A kobold (D:1)
  4 rats
36 creatures vanquished.

Vanquished Creatures (collateral kills)
  An orc (D:4)
1 creature vanquished.

Grand Total: 37 creatures vanquished

Notes
Turn   | Place    | Note
--------------------------------------------------------------
     0 | D:1      | M4edhros the Octopode Artificer began the quest for the Orb.
     0 | D:1      | Reached XP level 1. HP: 13/13 MP: 3/3
   204 | D:1      | Reached XP level 2. HP: 15/18 MP: 4/4
   366 | D:2      | Reached skill level 4 in Evocations
   366 | D:2      | Reached XP level 3. HP: 15/23 MP: 4/6
   691 | D:3      | Reached XP level 4. HP: 7/28 MP: 2/7
   697 | D:3      | HP: 1/28 [ooze (4)]
  1161 | D:4      | Reached XP level 5. HP: 11/33 MP: 3/8
  1305 | D:5      | Entered Level 5 of the Dungeon
  1314 | D:5      | Reached skill level 5 in Evocations
  1322 | D:5      | Noticed an ogre
  1484 | D:5      | Noticed an ogre
  1487 | D:5      | Noticed a centaur
  1509 | D:4      | Reached skill level 5 in Stealth
  1633 | D:5      | Reached XP level 6. HP: 25/38 MP: 6/10
  1754 | D:5      | Reached skill level 6 in Stealth
  1774 | D:5      | Slain by a centaur

Vault maps used:
D:1:      sevenhm_arrival_forest_fort_small_6
D:4:      hangedman_decor_clover_reticule
D:5:      first_bread

Action                   |  1- 3 |  4- 6 || total
-------------------------+-------+-------++-------
Melee: Short sword       |    46 |    14 ||    60
       Dagger            |       |    42 ||    42
Evoke: Wand              |     1 |     5 ||     6
  Use: Potion            |     2 |     2 ||     4
 Stab: Sleeping          |     6 |     3 ||     9
  Eat: Chunk             |       |     3 ||     3
